 Dungeon Crawl Stone Soup version 0.21.0-3-g78d12a8 (webtiles) character file.

70 Leibowitz the Sneak (level 4, 0/24 HPs)
             Began as a Kobold Enchanter on Jan 8, 2018.
             Slain by Sigmund
             ... wielding a +0 scythe
              (14 damage)
             ... on level 2 of the Dungeon.
             The game lasted 00:03:29 (1168 turns).

Leibowitz the Sneak (Kobold Enchanter)              Turns: 1168, Time: 00:03:29

Health: 0/24       AC:  2    Str:  5    XL:     4   Next: 45%
Magic:  7/8        EV: 15    Int: 17    God:
Gold:   41         SH:  0    Dex: 15    Spells: 3/9 levels left

rFire    . . .     SeeInvis .   a - +1 dagger
rCold    . . .     Gourm    .   (shield restricted)
rNeg     . . .     Faith    .   b - +0 robe
rPois    .         Spirit   .   (no helmet)
rElec    .         Reflect  .   (no cloak)
rCorr    .         Harm     .   (no gloves)
MR       .....                  (no boots)
Stlth    +++.......             (no amulet)
HPRegen  0.08/turn              (no ring)
MPRegen  0.11/turn              (no ring)

@: no status effects
A: small, carnivore
a: no special abilities


You were on level 2 of the Dungeon.
You were completely stuffed.

You visited 1 branch of the dungeon, and saw 2 of its levels.

You collected 41 gold pieces.

Inventory:

Hand Weapons
 a - a +1 dagger (weapon)
Armour
 b - a +0 robe (worn)
Scrolls
 f - a scroll of enchant armour {unknown}
 h - a scroll of teleportation {unknown}
 i - a scroll of remove curse {unknown}
Potions
 e - a potion of lignification {unknown}
 g - a potion of mutation {unknown}
 k - a potion of agility {unknown}
Books
 c - a book of Maledictions

   Spells                             Type                      Level
   a - Corona                         Hexes                        1
   b - Ensorcelled Hibernation        Hexes/Ice                    2
   c - Confuse                        Hexes                        3
   d - Tukima's Dance                 Hexes                        3
   e - Dazzling Spray                 Conjuration/Hexes            3
Comestibles
 d - a ration
 j - 3 chunks of flesh


   Skills:
 + Level 0.2 Fighting
 + Level 1.7 Short Blades
 + Level 2.5 Dodging
 * Level 5.0 Stealth
 * Level 3.0 Spellcasting
 * Level 3.6 Hexes
 + Level 0.2 Ice Magic


You had 3 spell levels left.
You knew the following spells:

 Your Spells              Type           Power        Failure   Level  Hunger
a - Corona                Hex            ##.....      3%          1    None
b - Ensorcelled Hibernat  Hex/Ice        #.....       12%         2    ##.....
c - Confuse               Hex            ##......     12%         3    ###....


Dungeon Overview and Level Annotations

Branches:
Dungeon (2/15)

Altars:

Annotations:
D:2 Sigmund


Innate Abilities, Weirdness & Mutations

You are small and have problems with some larger weapons.
You are carnivorous and can eat meat at any time.


Message History

The helpless adder fails to defend itself.
You impale the adder!!
You kill the adder!
Your Stealth skill increases to level 5!
Something hits you but does no damage.
You see here 5 gold pieces.
Something hits you.
You see here an adder corpse.
You see here 5 gold pieces.
Something closely misses you.
You miss something. Something hits you!
You hit something. You hit something. Something barely misses you.
You closely miss something.
You hear some strange, mumbled words.
Something tries to affect you, but you resist.
You hit something. You hit something. Something hits you!
Ouch! That really hurt!
You die...

###############
####.............#
#..(.#####.#####.##
#.#### #.#........
#.# ##.#####.#. #.#
#@# # #.# #$# /..
#.# ##†###..... #.#
#.......... #.##
#..........
#..######..........
##.......))........
#..#####..........
#..# #.......... #.


There were no monsters in sight!

Vanquished Creatures
  Jessica (D:2)
  2 adders (D:2)
  An ooze (D:1)
  A dart slug (D:1)
  A leopard gecko (D:1)
  A hobgoblin (D:1)
  2 jackals (D:1)
  4 kobolds (D:1)
  2 bats
  A frilled lizard (D:1)
  3 goblins
  3 rats (D:1)
22 creatures vanquished.

Notes
Turn   | Place    | Note
-------+----------+-------------------------------------------
     0 | D:1      | Leibowitz the Kobold Enchanter began the quest for the Orb.
     0 | D:1      | Reached XP level 1. HP: 10/10 MP: 3/3
   189 | D:1      | Reached XP level 2. HP: 12/15 MP: 3/5
   194 | D:1      | Learned a level 2 spell: Ensorcelled Hibernation
   492 | D:1      | Reached XP level 3. HP: 5/19 MP: 6/6
   647 | D:1      | Learned a level 3 spell: Confuse
   972 | D:2      | Noticed Jessica
   975 | D:2      | Killed Jessica
   975 | D:2      | Reached XP level 4. HP: 24/24 MP: 6/8
  1150 | D:2      | Noticed Sigmund
  1156 | D:2      | Reached skill level 5 in Stealth
  1168 | D:2      | Slain by Sigmund

Skill      XL: |  1  2  3  4 |
---------------+-------------+-----
Spellcasting   | 3 |  3.0
Stealth        | 5 |  5.0
Fighting       | |  0.2
Short Blades   | |  1.7
Dodging        | |  2.5
Hexes          | |  3.6
Ice Magic      | |  0.2

Action                   |  1- 3 |  4- 6 || total
-------------------------+-------+-------++-------
Melee: Dagger            |    59 |    10 ||    69
 Cast: Corona            |     5 |       ||     5
       Ensorcelled Hiber |     6 |     4 ||    10
 Stab: Sleeping          |     7 |     4 ||    11
  Eat: Chunk             |     6 |     4 ||    10
Armor: Robe              |     8 |     2 ||    10
Dodge: Dodged            |    40 |     5 ||    45
